Map: Ice and Chrome LE

Players

iMarine - Winner!

  • Race: Terran Terran
  • Spawn Location: 7:00

VOD

Have the link to the VOD?

Description

Time

  • Played on: July 31, 2020, 4:20 p.m.
  • Length: 16:58
Show
View Real Time Build Order
Export as new Build Order

iMarine Terran - Winner!

Build Orders:  

Get SALT Encoding   

  12  0:00  SCV  
  13  0:17  SCV  
  14  0:28  Supply Depot  
  14  0:34  SCV  
  15  0:59  SCV  
  16  1:05  Barracks  
  16  1:16  Refinery  
  16  1:20  SCV  
  17  1:37  SCV  
  18  1:54  SCV  
  19  2:13  Orbital Command  
  19  2:17  Barracks Reactor  
  19  2:26  Command Center  
  19  3:17  SCV, Factory  
  20  3:26  Marine  
  20  3:27  Marine  
  22  3:41  SCV  
  23  4:03  Supply Depot  
  23  4:06  SCV, Marine x2  
  26  4:19  Orbital Command  
  26  4:23  SCV  
  27  4:31  Factory Tech Lab  
  27  4:49  Starport  
  27  4:50  SCV  
  27  4:51  Marine  
  27  4:52  Marine  
  30  5:07  SCV  
  30  5:08  SCV  
  32  5:23  Refinery  
  32  5:24  SCV  
  32  5:27  Marine x2  
  35  5:32  Siege Tank  
  38  5:46  SCV x2  
  40  6:09  SCV x2  
  42  6:11  Marine x2  
  42  6:15  Starport Reactor  
  44  6:34  SCV  
  44  6:35  SCV  
  46  7:00  Barracks  
  46  7:03  Barracks  
  46  7:32  Siege Tank, Marine x2  
  51  7:41  Supply Depot  
  51  7:43  Supply Depot  
  51  7:44  SCV x2  
  51  7:49  Medivac  
  55  7:50  Medivac  
  55  7:57  Marine x2  
  59  8:14  Engineering Bay  
  59  8:15  Engineering Bay  
  59  8:17  Siege Tank  
  62  8:34  Refinery  
  62  8:35  Refinery  
  62  8:37  SCV x2  
  62  8:38  Marine x2  
  66  8:57  SCV x2, Supply Depot  
  68  9:01  Supply Depot  
  68  9:02  Siege Tank  
  68  9:03  Marine x2  
  68  9:07  Supply Depot  
  68  9:08  Medivac  
  75  9:24  Barracks Tech Lab  
  75  9:25  Barracks Tech Lab  
  75  9:31  Terran Infantry Weapons Level 1  
  75  9:36  Supply Depot  
  75  9:38  Terran Infantry Armor Level 1  
  75  9:46  SCV x2  
  75  9:48  Marine x2  
  79  9:52  Stimpack  
  79  10:08  Supply Depot  
  79  10:09  Supply Depot  
  79  10:18  Marine  
  79  10:19  Marine x3  
  83  10:23  Unknown  
  83  10:41  Armory  
  83  10:42  SCV x2  
  83  10:44  Marine x3  
  83  10:45  Marine  
  89  11:06  SCV x2  
  89  11:09  Marine x3  
  94  11:10  Marine  
  94  11:15  Siege Tank  
  94  11:17  Medivac  
  100  11:23  SCV x2  
  102  11:34  Marine x3  
  102  11:35  Marine  
  106  11:40  SCV x2  
  108  11:57  SCV x2  
  108  11:59  Marine x3  
  73  12:00  Marine  
  114  12:14  SCV x2  
  114  12:15  Siege Tank  
  114  12:16  Medivac  
  121  12:24  Marine x2  
  123  12:31  SCV  
  123  12:34  SCV  
  123  12:35  Terran Infantry Weapons Level 2  
  125  12:46  Marine  
  126  13:05  Terran Infantry Armor Level 2  
  126  13:54  Siege Tank, SCV x2, Marine x4  
  135  14:11  SCV x2  
  135  14:13  Medivac  
  135  14:14  Medivac  
  135  14:19  Marine x4  
  145  14:28  SCV x2  
  147  14:39  Siege Tank  
  150  14:44  Marine x4  
  150  14:45  SCV x2  
  156  14:55  Medivac  
  156  14:56  Medivac  
  160  15:02  SCV x2  
  160  15:09  Marine x4  
  166  15:19  SCV x2  
  168  15:23  Supply Depot  
  168  15:25  Supply Depot  
  168  15:27  Supply Depot  
  168  15:34  Marine x2  
  168  15:35  Supply Depot  
  170  15:53  SCV x2  
  172  16:12  SCV x2  
  172  16:16  Marine x4  
  185  16:35  SCV x2  
Tags
 
Add a new tag
Caveats
  • Supply blocks, unpowered buildings, or Contaminate may cause inaccurate times.
  • Supply counts are checked every 10 seconds.